 Dungeon Crawl Stone Soup version 0.29.1-4-g47bece8355 (webtiles) character file.

Game seed: 5899901271551791116

6681 venomsnake the Cleaver (level 10, -3/136 HPs)
             Began as a Minotaur Berserker on Dec 10, 2022.
             Was an Elder of Trog.
             Slain by a two-headed ogre
             ... wielding a +0 giant club
              (29 damage)
             ... on level 9 of the Dungeon.
             The game lasted 00:24:52 (10861 turns).

venomsnake the Cleaver (Minotaur Berserker)        Turns: 10861, Time: 00:24:52

Health: -3/136     AC: 12    Str: 26    XL:     10   Next: 73%
Magic:  9/9        EV: 11    Int:  4    God:    Trog [****..]
Gold:   449        SH:  0    Dex: 10    Spells: 9/9 levels left

rFire   . . .      SeeInvis +   I - +2 war axe (freeze)
rCold   . . .      Faith    .   (no shield)
rNeg    . . .      Spirit   .   h - +0 chain mail
rPois   .          Reflect  .   (helmet restricted)
rElec   .          Harm     .   E - +0 cloak
rCorr   +          Rampage  .   (no gloves)
Will    .....                   (no boots)
Stlth   ..........              (no amulet)
HPRegen 0.32/turn               j - ring of see invisible
MPRegen 0.11/turn               x - ring of resist corrosion

@: berserking, very quick
A: horns 2, retaliatory headbutt
a: Renounce Religion, Berserk, Trog's Hand, Brothers in Arms


You were on level 9 of the Dungeon.
You worshipped Trog.
Trog was greatly pleased with you.
You visited 2 branches of the dungeon, and saw 10 of its levels.

You collected 449 gold pieces.

Inventory:

Hand Weapons
 w - a +2 hand axe of freezing
 I - a +2 war axe of freezing (weapon)
Missiles
 c - 71 stones (quivered)
 p - a throwing net
Armour
 h - a +0 chain mail (worn)
 E - a +0 cloak (worn)
Jewellery
 j - a ring of see invisible (left hand)
 l - a ring of protection from fire
 x - a ring of resist corrosion (right hand)
Wands
 k - a wand of charming (6)
 C - a wand of polymorph (8)
 D - a wand of iceblast (15)
 G - a wand of flame (16)
Scrolls
 a - a scroll of silence {unknown}
 e - 4 scrolls of noise
 m - 6 scrolls of teleportation
 q - a scroll of vulnerability {unknown}
 t - 4 scrolls of enchant armour
 u - a scroll of brand weapon {unknown}
 v - a scroll of blinking {unknown}
 y - 2 scrolls of magic mapping
 B - a scroll of immolation {unknown}
 H - 2 scrolls of torment
 J - a scroll of amnesia {unknown}
Potions
 b - 2 potions of resistance {unknown}
 d - a potion of attraction {unknown}
 f - 2 potions of magic {unknown}
 g - 2 potions of invisibility {unknown}
 i - 4 potions of curing
 n - a potion of lignification {unknown}
 o - 2 potions of haste {unknown}
 r - 4 potions of mutation
 s - 2 potions of flight {unknown}
 z - a potion of degeneration {unknown}
 A - 3 potions of heal wounds
 F - a potion of might {unknown}


   Skills:
 + Level 9.6 Fighting
 + Level 9.6 Axes
 + Level 9.2 Armour
 + Level 8.3 Dodging
 + Level 6.6 Evocations


You had 9 spell levels left.
You didn't know any spells.
Your spell library was empty.

Dungeon Overview and Level Annotations

Branches:
Dungeon (9/15)             Temple (1/1) D:5            Lair (0/5) D:9
    Orc: D:9-12

Altars:
Ashenzari
Cheibriados
Dithmenos
Elyvilon
Fedhas
Gozag
Hepliaklqana
Kikubaaqudgha
Makhleb
Nemelex Xobeh
Okawaru
Qazlal
Ru
Sif Muna
Trog
Uskayaw
Vehumet
Wu Jian
Xom
Yredelemnul
Zin
The Shining One

Annotations:
D:3 1 runed translucent door, Crazy Yiuf


Innate Abilities, Weirdness & Mutations

You have a pair of horns on your head.
You reflexively headbutt those who attack you in melee.


Message History

You slash the fungus! You freeze the fungus.
You hit the fungus but do no damage.
The orc warrior hits you with a +0 flail.
You slash the orc warrior! You freeze the orc warrior.
You kill the orc warrior!
Trog accepts your kill.
You slash the fungus! You freeze the fungus. You slash the fungus!
You freeze the fungus.
A nearby fungus withers and dies. x2
You now have 449 gold pieces (gained 15).
There is an open door here.
A two-headed ogre comes into view. It is wielding two +0 giant clubs.
The two-headed ogre shouts in stereo!
The two-headed ogre barely misses you. You furiously retaliate!
You headbutt the two-headed ogre! The two-headed ogre closely misses you.
You barely miss the two-headed ogre. You headbutt the two-headed ogre.
The two-headed ogre is lightly wounded.
You slash the two-headed ogre! You freeze the two-headed ogre.
The two-headed ogre is heavily wounded.
The two-headed ogre hits you with a +0 giant club! x2
You hit the two-headed ogre but do no damage.
The two-headed ogre is heavily wounded.
The two-headed ogre hits you with a +0 giant club!
The two-headed ogre hits you with a +0 giant club.
You hit the two-headed ogre but do no damage.
You headbutt the two-headed ogre.
The two-headed ogre is heavily wounded.
The two-headed ogre hits you with a +0 giant club!!
The two-headed ogre misses you.
You hit the two-headed ogre but do no damage.
The two-headed ogre is heavily wounded.
You slash the two-headed ogre! You freeze the two-headed ogre.
The two-headed ogre is severely wounded.
The two-headed ogre hits you with a +0 giant club.
* * * LOW HITPOINT WARNING * * *
The two-headed ogre hits you with a +0 giant club!
* * * LOW HITPOINT WARNING * * *
A red film seems to cover your vision as you go berserk!
You feel yourself moving faster!
You feel mighty!
The two-headed ogre hits you with a +0 giant club!!
You die...

#.#....#.#.....#............#..
#.#....#.#.....#....PPPP......#
#.#....#.#.....#......P..PP....
#.#....#.#.....'.....P.P...P...
#.#....#.##'####....P......P.P.
#.##'###..........PP...##'#P...
#..................PP..#.)#...P
#..................P...#>.#P.PP
#.............@.....P.P####P.P.
#.......######O...P..P.P.PPP.P.
#.......# #........PP....P..
#.#####.# #.........P.PP..P.
#.# #.# #........P..P.P... #.#
#.# #.#######......... #. .#
#.#...............
#.#.........#.....
#.#.........'.....


You could see a two-headed ogre.

Vanquished Creatures
  Gastronok (D:8)
  Pikel (D:7)
  Psyche (D:8)
  A troll (D:6)
  A hornet (D:8)
  Prince Ribbit (D:7)
  A wyvern (D:9)
  A yak (D:9)
  A steam dragon (D:9)
  Duvessa (D:7)
  2 ice beasts
  2 sky beasts
  4 black bears
  3 orc warriors
  3 centaurs
  4 ogres
  3 lemures (D:7)
  A phantom (D:6)
  3 kobold brigands
  3 bullfrogs
  A gnoll sergeant (D:9)
  5 scorpions
  Dowan (D:7)
  3 wights (D:9)
  4 killer bees (D:9)
  2 howler monkeys (D:8)
  5 hounds
  2 jellies
  A gnoll bouda (D:9)
  2 orc priests
  Natasha (thrice) (D:4)
  3 iguanas
  6 orc wizards
  9 gnolls (D:9)
  5 adders
  2 shadow imps (D:6)
  4 ufetubi
  2 worms (D:2)
  3 dart slugs
  17 orcs
  An endoplasm (D:3)
  4 giant cockroaches
  10 goblins
  4 hobgoblins
  14 jackals
  19 kobolds
  A quokka (D:2)
  4 ball pythons
  4 bats
  A frilled lizard (D:2)
  3 rats
183 creatures vanquished.

Vanquished Creatures (others)
  An orc wizard (D:6)
  4 fungi (D:9)
  A plant (D:9)
6 creatures vanquished.

Grand Total: 189 creatures vanquished

Notes
Turn   | Place    | Note
-------+----------+-------------------------------------------
     0 | D:1      | venomsnake the Minotaur Berserker began the quest for the
                  | Orb.
     0 | D:1      | Reached XP level 1. HP: 19/19 MP: 0/0
   480 | D:1      | Reached XP level 2. HP: 26/27 MP: 1/1
   698 | D:1      | Found a faded altar of an unknown god.
  1114 | D:2      | Reached skill level 1 in Evocations
  1114 | D:2      | Reached XP level 3. HP: 33/33 MP: 2/2
  1118 | D:2      | You fall into a shaft and drop 1 floor!
  1164 | D:3      | Reached ** piety under Trog
  1866 | D:3      | Found a runed translucent door.
  1867 | D:3      | Noticed Crazy Yiuf
  1929 | D:3      | Reached XP level 4. HP: 40/40 MP: 3/3
  2232 | D:4      | Noticed a scorpion
  2241 | D:4      | Killed a scorpion
  2301 | D:4      | Noticed an ogre
  2302 | D:4      | Noticed a black bear
  2309 | D:4      | Reached XP level 5. HP: 44/47 MP: 4/4
  2334 | D:3      | Killed an ogre
  2428 | D:4      | Killed a black bear
  2429 | D:4      | Reached skill level 5 in Axes
  2429 | D:4      | Reached XP level 6. HP: 37/55 MP: 5/5
  2546 | D:4      | Noticed Natasha
  2550 | D:4      | Killed Natasha
  2551 | D:4      | Reached skill level 5 in Fighting
  3048 | D:4      | Noticed Natasha
  3056 | D:4      | Killed Natasha
  3057 | D:4      | Reached XP level 7. HP: 53/61 MP: 6/6
  3315 | D:4      | Noticed Natasha
  3322 | D:4      | Killed Natasha
  3386 | D:5      | Entered Level 5 of the Dungeon
  3825 | D:5      | Reached skill level 5 in Armour
  3995 | D:5      | Found a staircase to the Ecumenical Temple.
  4000 | Temple   | Entered the Ecumenical Temple
  4424 | D:5      | Found an ornate altar of the Wu Jian Council.
  4426 | D:5      | Found a shimmering altar of Xom.
  4427 | D:5      | Found a broken altar of Ashenzari.
  4428 | D:5      | Found a radiant altar of Vehumet.
  4428 | D:5      | Found a glowing golden altar of the Shining One.
  4429 | D:5      | Found a blossoming altar of Fedhas.
  4566 | D:5      | Reached XP level 8. HP: 63/70 MP: 7/7
  4887 | D:6      | Noticed a troll
  4903 | D:6      | Killed a troll
  4904 | D:6      | Reached skill level 5 in Dodging
  5214 | D:6      | Found a shadowy altar of Dithmenos.
  5816 | D:6      | Found a shimmering blue altar of Sif Muna.
  6162 | D:7      | Reached XP level 9. HP: 79/79 MP: 8/8
  6321 | D:7      | Noticed Pikel
  6360 | D:7      | Killed Pikel
  6361 | D:7      | Reached skill level 5 in Evocations
  6794 | D:7      | Reached *** piety under Trog
  6930 | D:7      | Noticed Duvessa
  6930 | D:7      | Noticed Dowan
  6944 | D:7      | Killed Dowan
  6956 | D:7      | Killed Duvessa
  7233 | D:7      | Noticed Prince Ribbit
  7250 | D:7      | Killed Prince Ribbit
  7889 | D:8      | Noticed Gastronok
  8017 | D:8      | Killed Gastronok
  8018 | D:8      | Reached XP level 10. HP: 9/90 MP: 9/9
  8563 | D:8      | Noticed Psyche
  8946 | D:8      | Killed Psyche
  9301 | D:8      | Found a sacrificial altar of Ru.
 10162 | D:9      | Reached **** piety under Trog
 10775 | D:9      | Found a staircase to the Lair.
 10841 | D:9      | Noticed a two-headed ogre
 10861 | D:9      | Slain by a two-headed ogre

Illustrated notes

Levels and vault maps discovered:
D:1:      eino_arrival_cavern_c, layout_rooms,
          dilly_ecumenical_altar_fadedgnrine
D:2:      layout_loops_cross
D:3:      layout_basic, uniq_crazy_yiuf_cottage
D:4:      layout_gridville, uniq_natasha
D:5:      layout_loops_ring, grunt_temple_overflow_open, temple_doors_e
D:6:      layout_basic, nicolae_dithmenos_shadow_blocks,
          kennysheep_orc_sif_temple
D:7:      layout_loops_corners, enter_bailey_5, lightli_minifort,
          uniq_prince_ribbit1, uniq_pikel, uniq_duvessa
D:8:      layout_loops_cross, nicolae_ru_path_of_blood, grunt_ministairs_5,
          st_stairs_1, uniq_gastronok, uniq_psyche
D:9:      layout_irregular_city, grunt_lair_entry_orc_guard_hut
Temple:   compressed_dpeg_triangle_lava_temple

Skill      XL: |  1  2  3  4  5  6  7  8  9 10 |
---------------+-------------------------------+-----
Fighting       | 4 5 6 7 8 9 |  9.6
Axes           | 4 5 6 7 8 9 |  9.6
Evocations     | 1 2 3 4 5 6 |  6.6
Armour         | 3 4 5 6 8 9 |  9.2
Dodging        | 3 4 6 7 8 |  8.3

Action                   |  1- 3 |  4- 6 |  7- 9 | 10-12 || total
-------------------------+-------+-------+-------+-------++-------
Melee: Hand axe          |    91 |    55 |   296 |   103 ||   545
       Headbutt          |     9 |    16 |    57 |    26 ||   108
       Punch             |       |     1 |     4 |     1 ||     6
       War axe           |       |       |       |    48 ||    48
Throw: Stone             |     7 |       |       |       ||     7
Invok: Berserk           |       |       |     2 |     1 ||     3
       Trog's Hand       |       |       |       |     1 ||     1
  Use: Scroll            |       |       |     5 |     3 ||     8
Armor: Animal skin       |     6 |       |       |       ||     6
       Chain mail        |    48 |    28 |   166 |    70 ||   312
Dodge: Dodged            |    52 |    19 |   141 |    89 ||   301
